 Dungeon Crawl Stone Soup version 0.17-a0-2147-gfb20a63 (webtiles) character file.

277 tp1 the Magician (level 6, -8/32 HPs)
             Began as a Deep Elf Conjurer on Oct 24, 2015.
             Killed from afar by Blork the orc (12 damage)
             ... with a puff of frost
             ... on level 4 of the Dungeon.
             The game lasted 00:21:20 (3940 turns).

tp1 the Magician (Deep Elf Conjurer)                Turns: 3940, Time: 00:21:20

Health: -8/32      AC:  3    Str:  5    XL:     6   Next: 4%
Magic:  8/17       EV: 13    Int: 22    God:
Gold:   126        SH:  0    Dex: 15    Spells: 4 memorised, 6 levels left

rFire  . . .     SeeInvis .     k - -1 dagger (curse)
rCold  . . .     Clarity  .     a - +0 robe
rNeg   . . .     SustAt   .     (no shield)
rPois  .         Gourm    .     (no helmet)
rElec  .         Spirit   .     (no cloak)
rCorr  .         Warding  .     (no gloves)
rMut   .         Stasis   .     r - +0 pair of boots
MR     .....                    n - amulet of inaccuracy (curse)
Stlth  ++........               (no ring)
                                (no ring)

@: not resistant to hostile enchantments, unstealthy
A: no striking features
a: no special abilities


You were on level 4 of the Dungeon.
You were not hungry.

You visited 1 branch of the dungeon, and saw 5 of its levels.

You collected 126 gold pieces.

Inventory:

Hand Weapons
 f - a +0 dagger
 j - a +0 short sword of flaming
 k - a cursed -1 dagger (weapon)
 t - a +2 dagger of electrocution
 x - a +0 rapier
Armour
 a - a +0 robe (worn)
 r - a +0 pair of boots (worn)
 v - a +0 buckler
Jewellery
 n - a cursed amulet of inaccuracy (around neck)
Wands
 y - a wand of fireball (9)
Scrolls
 d - a scroll of noise
 m - a scroll of amnesia
 o - a scroll of magic mapping
 p - a scroll of identify
Potions
 e - a potion of cancellation {unknown}
 g - a potion of might {unknown}
 i - 4 potions of curing
 l - 2 potions of heal wounds {unknown}
 q - a potion of lignification {unknown}
 s - a potion of degeneration {unknown}
 u - a potion of brilliance {unknown}
Books
 b - a book of Conjurations

   Spells                             Type                      Level
   a - Magic Dart                     Conjuration                  1
   b - Searing Ray                    Conjuration                  2
   c - Dazzling Spray                 Conjuration/Hexes            3
   d - Fulminant Prism                Conjuration/Hexes            4
   e - Iskenderun's Mystic Blast      Conjuration                  4
   f - Iskenderun's Battlesphere      Conjuration/Charms           5
Comestibles
 c - 2 bread rations
 h - a meat ration
 w - 2 chunks of flesh


   Skills:
 - Level 2.4 Dodging
 - Level 2.4 Stealth
 - Level 0.1 Unarmed Combat
 - Level 6.0 Spellcasting
 - Level 6.0 Conjurations
 + Level 3.4 Charms


You had 6 spell levels left.
You knew the following spells:

 Your Spells              Type           Power        Failure   Level  Hunger
a - Magic Dart            Conj           ####         1%          1    None
b - Searing Ray           Conj           ####..       1%          2    None
c - Dazzling Spray        Conj/Hex       ###.....     10%         3    #......
d - Iskenderun's Battles  Conj/Chrm      ####....     38%         5    #####..


Dungeon Overview and Level Annotations

Branches:
Dungeon (5/15)
 Temple: D:4-7

Altars:
Dithmenos
Kikubaaqudgha
Makhleb

Annotations:
D:3 Grinder
D:4 Alipheese's ghost, amateur NaMo; Blork the orc; Edmund
D:5 Alipheese's ghost, amateur NaMo


Message History

There is a stone staircase leading up here.
You climb upwards.
Level annotation: Alipheese's ghost, amateur NaMo; Edmund Edmund barely misses you.
There is a stone staircase leading down here.
Found a meat ration.
Found 13 gold pieces.
Blork the orc comes into view.
He is wielding a dire flail.
A hound comes into view.
Blork the orc casts a spell at you. The magic dart hits you!
Found an escape hatch in the ceiling.
Blork the orc mumbles some strange words.
Blork the orc seems to speed up.
Blork the orc looks braver for a moment.
Blork the orc hits you with a dire flail!
* * * LOW HITPOINT WARNING * * *
Blork the orc points at you and mumbles some strange words.
The puff of frost hits you!
You die...

....$.....# ###.....#
..........# ###........
..........###..........
...........h..##...>...
....W....##..<#.......#
.......@###.#...##.....
##.####o....#.####.##..
# ##.#####. #.##.. #@.#
#.##.) #..## #.####
..... #.# #....... #.#
#....)... #.#
#..##.#..%## #.# ...
#...#...#####.#### ###.
##..###.<........#
####.......#


You could see Edmund and Blork the orc.

Vanquished Creatures
  A giant frog skeleton (D:5)
  A worker ant (D:4)
  6 gnolls
  9 adders
  7 worms
  8 orcs
  2 giant cockroaches
  8 goblins
  10 hobgoblins
  A jackal (D:1)
  7 bats
  A giant gecko (D:3)
  3 giant newts
  10 kobolds
  6 rats
80 creatures vanquished.

Notes
Turn   | Place    | Note
--------------------------------------------------------------
     0 | D:1      | tp1 the Deep Elf Conjurer began the quest for the Orb.
     0 | D:1      | Reached XP level 1. HP: 10/10 MP: 6/6
   241 | D:1      | Reached XP level 2. HP: 15/15 MP: 4/8
   409 | D:1      | Learned a level 2 spell: Searing Ray
   971 | D:2      | Reached XP level 3. HP: 19/19 MP: 0/11
  1088 | D:2      | Reached skill level 5 in Spellcasting
  1478 | D:2      | Found a burning altar of Makhleb.
  1609 | D:2      | Found a shadowy altar of Dithmenos.
  1609 | D:2      | Found an ancient bone altar of Kikubaaqudgha.
  1778 | D:3      | Reached skill level 5 in Conjurations
  1778 | D:3      | Reached XP level 4. HP: 24/24 MP: 8/13
  2187 | D:3      | Reached skill level 6 in Spellcasting
  2295 | D:3      | Learned a level 3 spell: Dazzling Spray
  2556 | D:3      | Reached XP level 5. HP: 24/28 MP: 6/15
  2580 | D:3      | Learned a level 5 spell: Iskenderun's Battlesphere
  2675 | D:3      | Noticed Grinder
  3471 | D:4      | Noticed Alipheese's ghost (amateur NaMo)
  3721 | D:4      | Noticed Edmund
  3756 | D:5      | Entered Level 5 of the Dungeon
  3866 | D:5      | Noticed Alipheese's ghost (amateur NaMo)
  3876 | D:5      | Noticed a sky beast
  3880 | D:5      | Reached XP level 6. HP: 12/32 MP: 2/17
  3930 | D:4      | Noticed Blork the orc
  3940 | D:4      | Killed from afar by Blork the orc

Vault maps used:
D:1:      dpeg_arrival_brainrot
D:2:      nicolae_overflow_hidden_temple, gammafunk_temple_overflow_elements,
          st_stairs_3
D:3:      first_bread, uniq_grinder
D:4:      serial_shops, kennysheep_little_box, uniq_edmund, uniq_blork_the_orc
D:5:      lemuel_upstairs_altar, tgw_trog, minmay_temple_entry_glassed_door

Action                   |  1- 3 |  4- 6 || total
-------------------------+-------+-------++-------
Melee: Unarmed           |     1 |       ||     1
       Dagger            |       |     3 ||     3
 Cast: Magic Dart        |    74 |    90 ||   164
       Searing Ray       |     9 |    32 ||    41
       Iskenderun's Batt |       |     2 ||     2
  Use: Scroll            |       |     5 ||     5
       Potion            |       |     1 ||     1
  Eat: Chunk             |     2 |     7 ||     9
